 Dungeon Crawl Stone Soup version 0.18-a0-1243-g9e52518 (webtiles) character file.

562 Duffy the Grappler (level 7, -4/55 HPs)
             Began as a Ghoul Gladiator on Feb 5, 2016.
             Killed from afar by Blork the orc (8 damage)
             ... with a wand of flame
             ... on level 5 of the Dungeon.
             The game lasted 00:03:43 (3778 turns).

Duffy the Grappler (Ghoul Gladiator)                Turns: 3778, Time: 00:03:44

Health: -4/55      AC: 13    Str: 20    XL:     7   Next: 32%
Magic:  6/6        EV:  8    Int:  3    God:
Gold:   176        SH:  0    Dex: 10    Spells: 0 memorised, 6 levels left

rFire  . . .     SeeInvis .     b - +2 broad axe (venom)
rCold  + + .     Gourm    .     x - +3 chain mail {rC+}
rNeg   + + +     Faith    +     (no shield)
rPois  ∞         Spirit   .     w - +2 hat
rElec  .         Dismiss  .     (no cloak)
rCorr  .         Reflect  .     (no gloves)
SustAt .         Harm     .     (no boots)
MR     .....                    y - amulet of faith
Stlth  ..........               (no ring)
                                (no ring)

@: rotting, not resistant to hostile enchantments, extremely unstealthy
A: rotting body, claws 1, carnivore 3, cold resistance 1, negative energy
resistance 3, slow regeneration 1, torment resistance, unbreathing
a: no special abilities


You were on level 5 of the Dungeon.
You were not hungry.

You visited 1 branch of the dungeon, and saw 5 of its levels.

You collected 268 gold pieces.
You spent 92 gold pieces at shops.


Innate Abilities, Weirdness & Mutations

Your body is rotting away.
You thrive on raw meat.
You are immune to poison.
You have sharp fingernails.
You are carnivorous and can eat meat at any time.
Your flesh is cold resistant.
You are immune to negative energy.
You regenerate slowly when monsters are visible.
You are immune to unholy pain and torment.
You can survive without breathing.


   Skills:
 - Level 2.1 Fighting
 + Level 2.6 Axes
 - Level 1.7 Throwing
 - Level 2.6 Dodging
 - Level 8.2 Unarmed Combat


You had 6 spell levels left.
You didn't know any spells.

Inventory:

Hand Weapons
 b - a +2 broad axe of venom (weapon)
 u - a +0 blowgun
Missiles
 c - 3 throwing nets (quivered)
 v - 10 poisoned needles
Armour
 w - a +2 hat (worn)
 x - a +3 chain mail of cold resistance (worn)
Jewellery
 a - an uncursed amulet of harm {unknown}
 y - an amulet of faith (around neck)
Scrolls
 f - 2 scrolls of identify {unknown}
 g - 3 scrolls of remove curse {unknown}
 l - 3 scrolls of enchant weapon {unknown}
 m - a scroll of enchant armour {unknown}
 n - a scroll of amnesia {unknown}
 p - 3 scrolls of noise {unknown}
 t - a scroll of teleportation {unknown}
 A - a scroll of magic mapping {unknown}
Potions
 e - a potion of lignification {unknown}
 h - 2 potions of flight {unknown}
 i - a potion of agility {unknown}
 j - a potion of heal wounds {unknown}
 k - 3 potions of curing {unknown}
 o - 3 potions of might
 q - 2 potions of beneficial mutation {unknown}
 r - 2 potions of poison {unknown}
 s - a potion of brilliance {unknown}
 B - a potion of mutation {unknown}
Comestibles
 d - 2 meat rations

Dungeon Overview and Level Annotations

Branches:
Dungeon (5/15)
 Temple: D:4-7

Altars:
Elyvilon
Xom

Shops:
D:4 (

Annotations:
D:5 Blork the orc


Message History

You are too injured to fight recklessly!
You are too injured to fight recklessly!
You are too injured to fight recklessly!
You are too injured to fight recklessly!
The orc wizard gestures wildly while chanting.
The orc wizard blinks!
You hear some strange, mumbled words.
A puff of frost appears from out of thin air!
The puff of frost hits you! Something hits you.
You hear some strange, mumbled words.
A puff of frost appears from out of thin air!
The puff of frost hits you!
You hear a zap.
A puff of flame appears from out of thin air!
The puff of flame hits you!
The orc wizard hits you but does no damage.
You barely miss the orc wizard.
The orc wizard is moderately wounded.
The orc wizard points at you and mumbles some strange words.
The magic dart hits you!
The orc wizard mumbles some strange words.
The orc wizard blinks!
A magic dart appears from out of thin air!
The magic dart hits you!
The orc wizard mumbles some strange words.
The orc wizard blinks!
You hear some strange, mumbled words.
A puff of flame appears from out of thin air!
The puff of flame hits you! Something hits you but does no damage.
You hear a zap.
A puff of flame appears from out of thin air!
The puff of flame hits you!
You die...

........(.(..+#.....#.#.#.#.#.
............#'#....+#.#.#.#..
.....?............#.#o#.#.#.
##...........#.#.#o#.#.#.#
#.............#.#.#.#.#.#.
#)##...#.....#.#.#.#.#.#.# +
#...##.#+#.#g#.#+#.#.#+
.####...######.............
........#<@.....)..........
..............#............
...............#............
...............#######......
...............# #......
.........###...# #+#..
........######...
............# ...
..........#.# ...


There were no monsters in sight!

Action                   |  1- 3 |  4- 6 |  7- 9 || total
-------------------------+-------+-------+-------++-------
Melee: Unarmed           |   105 |   183 |       ||   288
       Broad axe         |       |     6 |    23 ||    29
  Eat: Chunk             |     9 |    27 |     1 ||    37

Notes
Turn   | Place    | Note
--------------------------------------------------------------
     0 | D:1      | Duffy the Ghoul Gladiator began the quest for the Orb.
     0 | D:1      | Reached XP level 1. HP: 17/17 MP: 0/0
    97 | D:1      | Reached XP level 2. HP: 24/24 MP: 1/1
   162 | D:1      | Reached skill level 4 in Unarmed Combat
   314 | D:1      | Reached XP level 3. HP: 18/29 MP: 2/2
  1246 | D:2      | Reached skill level 5 in Unarmed Combat
  1437 | D:2      | Reached XP level 4. HP: 26/36 MP: 3/3
  1761 | D:2      | Noticed Ijyb
  1772 | D:2      | Killed Ijyb
  1996 | D:2      | Reached skill level 6 in Unarmed Combat
  1996 | D:2      | Reached XP level 5. HP: 33/41 MP: 4/4
  2065 | D:2      | Found a white marble altar of Elyvilon.
  2409 | D:3      | Reached skill level 7 in Unarmed Combat
  2663 | D:3      | Reached XP level 6. HP: 48/48 MP: 5/5
  2976 | D:4      | Noticed Natasha
  2988 | D:4      | Killed Natasha
  2989 | D:4      | Noticed Edmund
  3012 | D:3      | Killed Edmund
  3012 | D:3      | Reached skill level 8 in Unarmed Combat
  3157 | D:4      | Found a shimmering altar of Xom.
  3157 | D:4      | Found a shimmering altar of Xom.
  3305 | D:4      | Found Suasant's Antique Weapon Shoppe.
  3313 | D:4      | Bought a glowing broad axe for 92 gold pieces
  3395 | D:4      | Noticed Natasha
  3400 | D:4      | Killed Natasha
  3400 | D:4      | Reached skill level 1 in Axes
  3400 | D:4      | Reached XP level 7. HP: 52/55 MP: 6/6
  3685 | D:5      | Entered Level 5 of the Dungeon
  3746 | D:5      | Noticed Blork the orc
  3750 | D:5      | Reached skill level 2 in Axes
  3778 | D:5      | Killed from afar by Blork the orc

Vault maps used:
D:1:      scummos_arrival_star, minmay_misc_feat_five
D:2:      marbit_many_paths, first_bread, uniq_iyjb
D:4:      serial_shops, kennysheep_mini, xom_redecorated, uniq_edmund,
          uniq_natasha
D:5:      uniq_blork_the_orc, uniq_grinder

Vanquished Creatures
  Edmund
  A hound
  2 orc priests
  A jelly Ijyb
  2 worker ants
  Natasha (twice)
  4 gnolls
  6 adders
  An ooze
  8 worms
  4 giant geckos
  4 orcs
  9 bats
  3 giant cockroaches
  7 goblins
  6 hobgoblins
  7 jackals
  5 quokkas
  4 giant newts
  7 kobolds
  9 rats
94 creatures vanquished.
